 Dungeon Crawl Stone Soup version 0.29.1-2-gbd0b4ee654 (webtiles) character file.

Game seed: 12636845297639158454

52 Avanven the Shooter (level 4, -5/25 HPs)
             Began as a Kobold Arcane Marksman on Nov 8, 2022.
             Killed from afar by a white imp (9 damage)
             ... with a puff of frost
             ... summoned by Natasha
             ... on level 2 of the Dungeon.
             The game lasted 00:02:50 (1407 turns).

Avanven the Shooter (Kobold Arcane Marksman)        Turns: 1407, Time: 00:02:50

Health: -5/25      AC:  2    Str:  7    XL:     4   Next: 8%
Magic:  4/5        EV: 15    Int: 16    God:
Gold:   85         SH:  0    Dex: 15    Spells: 4/5 levels left

rFire   . . .      SeeInvis .   a - +1 sling
rCold   . . .      Faith    .   (no shield)
rNeg    + . .      Spirit   .   c - +0 robe
rPois   .          Reflect  .   (no helmet)
rElec   .          Harm     .   (no cloak)
rCorr   .          Rampage  .   (no gloves)
Will    .....                   (no boots)
Stlth   ++........              m - amulet of magic regeneration
HPRegen 0.08/turn               g - ring of positive energy
MPRegen 0.49/turn               (no ring)

@: slowed, very slow
A: small, no large weapons, nightstalker 3
a: no special abilities


You were on level 2 of the Dungeon.
You visited 1 branch of the dungeon, and saw 2 of its levels.

You collected 85 gold pieces.

Inventory:

Hand Weapons
 a - a +1 sling (weapon)
Armour
 c - a +0 robe (worn)
Jewellery
 g - a ring of positive energy (left hand)
 i - a ring of fire
 m - an amulet of magic regeneration (around neck)
Scrolls
 b - a scroll of poison
 e - a scroll of teleportation {unknown}
 h - 2 scrolls of identify {unknown}
 j - a scroll of amnesia {unknown}
 k - a scroll of enchant weapon {unknown}
Potions
 d - a potion of mutation {unknown}
 f - a potion of degeneration {unknown}
 l - a potion of attraction {unknown}


   Skills:
 - Level 1.1 Fighting
 * Level 4.7 Ranged Weapons
 - Level 2.4 Dodging
 - Level 1.1 Spellcasting
 + Level 3.5 Hexes


You had 4 spell levels left.
You knew the following spells:

 Your Spells              Type           Power      Damage    Failure   Level
a - Slow                  Hex            48%        N/A       5%          1

Your spell library contained the following spells:

 Spells                   Type           Power      Damage    Failure   Level
 Inner Flame              Hex/Fire       6%         N/A       32%         3
 Portal Projectile        Hex/Tloc       12%        N/A       32%         3
 Cause Fear               Hex            6%         N/A       45%         4


Dungeon Overview and Level Annotations

Branches:
Dungeon (2/15)

Altars:

Annotations:
D:2 Natasha


Innate Abilities, Weirdness & Mutations

You are small and have problems with some larger weapons.
You are completely attuned to the shadows.


Message History

You shoot a sling bullet. The sling bullet hits the quokka.
You kill the quokka!
No target in view!
No target in view!
Natasha, Servant of Life and Death comes into view.
She is carrying a wand of polymorph (9).
You shoot a sling bullet. The sling bullet barely misses Natasha.
You shoot a sling bullet. The sling bullet hits Natasha.
Natasha is moderately wounded.
Natasha wildly gestures.
Natasha shimmers violently.
You shoot a sling bullet.
The sling bullet hits Natasha but does no damage.
Natasha is moderately wounded.
Natasha casts a spell.
Natasha closely misses you.
You shoot a sling bullet. The sling bullet hits Natasha.
Natasha is moderately wounded.
Natasha completely misses you. The white imp completely misses you.
You shoot a sling bullet. The sling bullet barely misses Natasha.
The white imp gestures at you. The puff of frost hits you!
Natasha casts a spell at you.
You feel yourself slow down.
Really read the scroll of poison?
Okay, then.
Natasha attacks as you move away! Natasha misses you.
Natasha claws you but does no damage.
Casting: Slow (safe; 5% risk of failure)
Confirm with . or Enter, or press ? or * to list all spells.
Aiming: Slow (safe; 5% risk of failure)
Press: ? - help, Shift-Dir - straight line, f/p - Natasha
Aim: Natasha, carrying a wand of polymorph (9) (moderately wounded, chance to affect: 50%) Natasha resists with significant effort.
The white imp gestures at you. The puff of frost hits you.
* * * LOW HITPOINT WARNING * * *
Natasha barely misses you. The white imp gestures at you.
The puff of frost hits you!
You die...

......)...
.####.....
#...... ....
#.>....
.....###..####
......##...#
......#..#.#
^.......##.#
.#........h@.##
.#
........†5..#
.#
#.....)..)..#
#.......!..>#
#.<.........#
.Jh...g.....!..
.[h......
..h#.####
..<...


You could see Natasha and a white imp (summoned).

Vanquished Creatures
  2 dart slugs (D:1)
  5 endoplasms (D:1)
  4 giant cockroaches
  4 goblins
  4 hobgoblins
  7 jackals
  2 quokkas
  3 ball pythons (D:1)
  A bat (D:1)
  2 frilled lizards
  3 kobolds
  3 rats (D:1)
40 creatures vanquished.

Notes
Turn   | Place    | Note
-------+----------+-------------------------------------------
     0 | D:1      | Avanven the Kobold Arcane Marksman began the quest for the
                  | Orb.
     0 | D:1      | Reached XP level 1. HP: 12/12 MP: 2/2
    60 | D:1      | Reached skill level 3 in Ranged Weapons
    84 | D:1      | Reached XP level 2. HP: 10/16 MP: 3/3
   463 | D:1      | Reached XP level 3. HP: 20/20 MP: 4/4
   474 | D:1      | Reached skill level 4 in Ranged Weapons
  1246 | D:2      | Reached XP level 4. HP: 20/25 MP: 5/5
  1400 | D:2      | Noticed Natasha
  1407 | D:2      | Killed from afar by a white imp

Illustrated notes

Levels and vault maps discovered:
D:1:      ncdulo_lavacross, layout_loops_cross, serial_park_tiny_1
D:2:      layout_rooms, uniq_crazy_yiuf_cottage, uniq_natasha, uniq_sigmund

Skill      XL: |  1  2  3 |
---------------+----------+-----
Ranged Weapons | 3 4 |  4.7
Fighting       | |  1.1
Dodging        | |  2.4
Spellcasting   | |  1.1
Hexes          | |  3.5

Action                   |  1- 3 |  4- 6 || total
-------------------------+-------+-------++-------
 Fire: Sling             |   102 |    21 ||   123
 Cast: Slow              |     3 |     3 ||     6
Armor: Robe              |     5 |     2 ||     7
Dodge: Dodged            |    44 |     9 ||    53
